 Dungeon Crawl Stone Soup version 0.25.1-9-gc5326a611f (webtiles) character file.

Game seed: 16073177432893429865

5324 DumpfeFlamme the Basher (level 10, -7/79 HPs)
             Began as a Demonspawn Berserker on Aug 7, 2021.
             Was a High Priest of Trog.
             Killed from afar by an electric eel (11 damage)
             ... with a bolt of electricity
             ... on level 9 of the Dungeon.
             The game lasted 00:34:38 (8394 turns).

DumpfeFlamme the Basher (Demonspawn Berserker)      Turns: 8394, Time: 00:34:39

Health: -7/79      AC: 23    Str: 20    XL:     10   Next: 38%
Magic:  10/10      EV: 14    Int:  8    God:    Trog [*****.]
Gold:   245        SH:  9    Dex: 14    Spells: 9/9 levels left

rFire    . . .     SeeInvis .   d - +4 mace
rCold    + . .     Gourm    .   N - +0 buckler
rNeg     . . .     Faith    .   B - +2 chain mail {rC+}
rPois    +         Spirit   .   (helmet restricted)
rElec    .         Reflect  +   F - +2 cloak {rCorr}
rCorr    +         Harm     .   m - +0 pair of gloves
MR       .....                  k - +2 pair of boots
Stlth    ..........             y - amulet of reflection
HPRegen  0.23/turn              x - +4 ring of evasion
MPRegen  0.12/turn              e - ring of poison resistance

@: berserk cooldown, slowed, very slow
A: antennae 2, slimy green scales 2, spiny 1
a: Berserk, Trog's Hand, Brothers in Arms, Renounce Religion


You were on level 9 of the Dungeon.
You worshipped Trog.
Trog was extremely pleased with you.
You were hungry.

You visited 2 branches of the dungeon, and saw 10 of its levels.

You collected 577 gold pieces.
You spent 332 gold pieces at shops.

Inventory:

Hand Weapons
 d - a +4 mace (weapon)
 M - a +0 vorpal flail
Missiles
 o - 35 poisoned darts (quivered)
 C - 3 curare-tipped darts
Armour
 k - a +2 pair of boots (worn)
 m - a +0 pair of gloves (worn)
 B - a +2 chain mail of cold resistance (worn)
 F - a +2 cloak of preservation (worn)
 N - a +0 buckler (worn)
Jewellery
 e - a ring of poison resistance (right hand)
 n - an uncursed ring of protection from cold
 x - a +4 ring of evasion (left hand)
 y - an amulet of reflection (around neck)
 H - an uncursed ring of positive energy
Wands
 i - a wand of acid (11)
 p - a wand of random effects (48)
 r - a wand of polymorph (5)
 v - a wand of iceblast (13)
 w - a wand of disintegration (17)
 G - a wand of flame (6)
 K - a wand of digging (7)
Scrolls
 j - 2 scrolls of noise
 s - a scroll of holy word {unknown}
 t - 4 scrolls of teleportation
 u - 4 scrolls of remove curse
 z - 2 scrolls of identify
 A - a scroll of fog
 E - 3 scrolls of blinking
Potions
 a - 3 potions of stabbing
 b - a potion of flight {unknown}
 f - 2 potions of curing
 g - a potion of ambrosia
 h - 2 potions of lignification
 q - 2 potions of might
 D - a potion of haste {unknown}
 I - 2 potions of brilliance {unknown}
 J - a potion of heal wounds {unknown}
Comestibles
 c - 18 rations


   Skills:
 + Level 7.6 Fighting
 * Level 9.5 Maces & Flails
 + Level 6.6 Armour
 - Level 6.2 Dodging
 + Level 1.5 Shields


You had 9 spell levels left.
You didn't know any spells.
Your spell library was empty.

Dungeon Overview and Level Annotations

Branches:
Dungeon (9/15)             Temple (1/1) D:7
   Lair: D:8-11         Orc: D:9-12

Altars:
Ashenzari
Dithmenos
Elyvilon
Fedhas
Gozag
Hepliaklqana
Kikubaaqudgha
Makhleb
Nemelex Xobeh
Okawaru
Qazlal
Ru
Sif Muna
Trog
Uskayaw
Vehumet
Wu Jian
Xom
Yredelemnul
Zin
The Shining One

Shops:
D:4 *   D:5 [   D:6 [   D:7 [   D:8 *[


Innate Abilities, Weirdness & Mutations

You have a pair of antennae on your head.
You are mostly covered in slimy green scales. (AC +3)
You are partially covered in sharp spines.


Message History

You are exhausted.
You feel yourself slow down.
You start resting.
You are feeling hungry.
You start resting.
The electric eel is too close now for your liking.
You enter the shallow water.
Moving in this stuff is going to be slow.
The electric eel shoots out a bolt of lightning at you!
The bolt of electricity hits you!
* * * LOW HITPOINT WARNING * * *
The electric eel shoots out a bolt of lightning at you!
The bolt of electricity hits you.
* * * LOW HITPOINT WARNING * * *
The electric eel shoots out a bolt of lightning at you!
The bolt of electricity hits you!
* * * LOW HITPOINT WARNING * * *
The electric eel shoots out a bolt of lightning at you!
The bolt of electricity hits you!
You die...

≈≈≈≈≈≈≈≈≈≈≈≈≈≈≈≈# #
≈≈≈≈≈≈≈≈≈≈≈≈≈≈≈≈# { #
≈≈≈≈≈≈≈≈≈≈≈≈≈≈≈≈# ##
≈≈≈≈≈≈≈≈≈≈≈≈≈≈≈≈# #.
≈≈≈≈≈≈≈≈≈≈≈≈≈≈≈≈# ######
≈≈≈≈≈≈≈≈≈≈≈≈≈≈≈≈# #...).
≈≈≈≈≈≈≈÷≈≈≈≈≈≈≈≈###.##.#
........................
≈≈≈≈≈≈;@≈≈...≈≈≈###.....
≈≈≈≈≈≈≈≈≈≈.≈.≈≈≈###.####
≈≈≈≈.......≈.≈≈≈##.#.##
≈≈≈≈≈.≈≈≈≈....≈≈≈##..#.##
≈≈≈≈≈........≈≈≈≈##...#.#
.........≈.≈≈≈≈≈≈##....#.
≈≈≈.≈(..≈.÷.≈≈≈≈##.....#
≈≈≈.........≈≈≈≈##......
###........######......


You could see an electric eel.

Vanquished Creatures
  Erica (D:8)
  Psyche (D:8)
  2 trolls (D:9)
  A hippogriff (D:9)
  Menkaure (D:5)
  3 ice beasts
  2 orc warriors (D:9)
  A sky beast (D:7)
  5 ogres
  A centaur (D:8)
  3 big kobolds
  2 wyvern zombies
  2 bullfrogs
  9 killer bees
  4 electric eels (D:9)
  5 howler monkeys
  2 crimson imps
  A quasit (D:7)
  2 jellies
  A bullfrog skeleton (D:6)
  2 centaur skeletons (D:8)
  A gnoll shaman (D:5)
  4 orc priests
  Crazy Yiuf (D:2)
  4 hounds
  Jessica (D:3)
  Terence (D:3)
  2 iguanas
  8 orc wizards
  7 worker ants
  A hound zombie (D:5)
  5 adders
  12 gnolls
  3 shadow imps (D:8)
  An adder zombie (D:7)
  3 worms
  2 dart slugs
  5 leopard geckos
  31 orcs
  2 giant cockroaches
  10 goblins
  8 hobgoblins
  19 jackals
  3 quokkas
  A ball python (D:2)
  8 bats
  8 frilled lizards
  A jackal skeleton (D:4)
  A jackal zombie (D:7)
  16 kobolds
  A leopard gecko zombie (D:7)
  A quokka skeleton (D:3)
  3 rats
  A spectral orc (D:6)
226 creatures vanquished.

Vanquished Creatures (others)
  An orc wizard (D:9)
  17 plants (D:9)
18 creatures vanquished.

Grand Total: 244 creatures vanquished

Notes
Turn   | Place    | Note
-------+----------+-------------------------------------------
     0 | D:1      | DumpfeFlamme the Demonspawn Berserker began the quest for
                  | the Orb.
     0 | D:1      | Reached XP level 1. HP: 18/18 MP: 1/1
   412 | D:1      | Gained mutation: You are partially covered in slimy green
                  | scales. (AC +2) [demonic ancestry]
   412 | D:1      | Reached XP level 2. HP: 24/24 MP: 2/2
   460 | D:1      | Reached skill level 3 in Maces & Flails
   728 | D:1      | Found a shimmering altar of Xom.
   785 | D:1      | Reached ** piety under Trog
   866 | D:1      | Reached XP level 3. HP: 29/29 MP: 3/3
  1238 | D:2      | Found a runed translucent door.
  1239 | D:2      | Noticed Crazy Yiuf
  1247 | D:2      | Killed Crazy Yiuf
  1286 | D:2      | Reached XP level 4. HP: 35/35 MP: 4/4
  2526 | D:3      | Found a stormy altar of Qazlal.
  2561 | D:3      | Gained mutation: You are partially covered in sharp spines.
                  | [demonic ancestry]
  2561 | D:3      | Reached XP level 5. HP: 42/42 MP: 5/5
  2563 | D:3      | Reached *** piety under Trog
  2593 | D:3      | Reached skill level 4 in Maces & Flails
  2640 | D:3      | Noticed Terence
  2741 | D:3      | Killed Terence
  3010 | D:3      | Noticed Jessica
  3016 | D:3      | Killed Jessica
  3075 | D:3      | Gained mutation: You have a pair of small antennae on your
                  | head. [demonic ancestry]
  3075 | D:3      | Reached XP level 6. HP: 30/48 MP: 6/6
  3671 | D:4      | Reached **** piety under Trog
  3791 | D:4      | Reached skill level 5 in Maces & Flails
  3791 | D:4      | Gained mutation: You are mostly covered in slimy green
                  | scales. (AC +3) [demonic ancestry]
  3791 | D:4      | Reached XP level 7. HP: 55/55 MP: 7/7
  3897 | D:4      | Found Cirghota's General Store.
  3905 | D:4      | Bought a scroll of identify for 28 gold pieces
  3905 | D:4      | Bought a scroll of identify for 28 gold pieces
  4042 | D:4      | Found a radiant altar of Vehumet.
  4280 | D:5      | Entered Level 5 of the Dungeon
  4391 | D:5      | Noticed Menkaure
  4409 | D:5      | Killed Menkaure
  4622 | D:5      | Found Dorokal's Armour Shop.
  4643 | D:5      | Bought a scarf of harm for 126 gold pieces
  5073 | D:6      | Reached skill level 5 in Fighting
  5089 | D:6      | Found a sparkling altar of Nemelex Xobeh.
  5139 | D:6      | Reached skill level 6 in Maces & Flails
  5211 | D:6      | Reached XP level 8. HP: 62/62 MP: 8/8
  5270 | D:6      | Found a basalt altar of Yredelemnul.
  5517 | D:6      | Found Dipar's Antique Armour Emporium.
  6226 | D:7      | Found Tocome's Antique Armour Shop.
  6236 | D:7      | Reached skill level 7 in Maces & Flails
  6241 | D:7      | Bought an embroidered cloak for 150 gold pieces
  6287 | D:7      | Found a staircase to the Ecumenical Temple.
  6304 | Temple   | Entered the Ecumenical Temple
  6809 | D:7      | Reached skill level 5 in Armour
  6937 | D:8      | Found a shimmering blue altar of Sif Muna.
  6937 | D:8      | Found an iron altar of Okawaru.
  6939 | D:8      | Noticed Erica
  6961 | D:8      | Killed Erica
  6961 | D:8      | Reached skill level 5 in Dodging
  6961 | D:8      | Gained mutation: You have a pair of antennae on your head.
                  | [demonic ancestry]
  6961 | D:8      | Reached XP level 9. HP: 71/71 MP: 9/9
  7009 | D:8      | Reached skill level 8 in Maces & Flails
  7032 | D:8      | Found Konig's Antique Armour Boutique.
  7038 | D:8      | Found a shadowy altar of Dithmenos.
  7226 | D:8      | Found Zin's Purification Station.
  7229 | D:8      | Found a glowing silver altar of Zin.
  7336 | D:8      | Noticed Psyche
  7388 | D:8      | Killed Psyche
  7569 | D:9      | Noticed a troll
  7578 | D:9      | Killed a troll
  7578 | D:9      | Reached skill level 9 in Maces & Flails
  7578 | D:9      | Reached XP level 10. HP: 79/79 MP: 10/10
  7808 | D:9      | Reached ***** piety under Trog
  8039 | D:9      | Reached skill level 1 in Shields
  8364 | D:9      | HP: 2/79 [electric eel/bolt of electricity (12)]
  8394 | D:9      | Killed from afar by an electric eel

Illustrated notes

Levels and vault maps discovered:
D:1:      shiori_arrival_elements, layout_loops_ring, xom_teletrap_fun
D:2:      layout_basic, first_ration, amethyst_killhole, uniq_crazy_yiuf_cottage
D:3:      layout_basic, grunt_qazlal_clouds, uniq_jessica, uniq_terence
D:4:      layout_rooms, kennysheep_mini, serial_shops, nicolae_shop_stone,
          minmay_starry_boxes
D:5:      layout_basic, serial_shops, shop, uniq_menkaure
D:6:      layout_basic, marbit_many_paths, yredelemnul_forgotten_temple_becter,
          serial_shops, kennysheep_mini_moat, minivault_22
D:7:      layout_loops_ring, minmay_temple_entry_hall, serial_shops,
          nicolae_shop_overgrown_old_shop
D:8:      layout_basic, grunt_dithmenos_smoke,
          chequers_temple_overflow_statue_of_worship, zin_purify, serial_shops,
          shop, uniq_psyche, uniq_erica
D:9:      wad_pebble_path, layout_basic, slow_altar_2, david_lair_shrubbed
Temple:   nicolae_temple_figure_eight

Skill      XL: |  1  2  3  4  5  6  7  8  9 10 |
---------------+-------------------------------+-----
Maces & Flails | 3 4 5 6 7 9 |  9.5
Armour         | 2 3 4 5 6 |  6.6
Dodging        | 2 3 4 5 6 |  6.2
Fighting       | 4 5 6 7 |  7.6
Shields        | 1 |  1.5

Action                   |  1- 3 |  4- 6 |  7- 9 | 10-12 || total
-------------------------+-------+-------+-------+-------++-------
Melee: Mace              |    84 |   149 |   261 |    91 ||   585
Throw: Dart              |       |       |     7 |       ||     7
Invok: Berserk           |     2 |     5 |     5 |     2 ||    14
       Trog's Hand       |       |       |     1 |       ||     1
  Use: Scroll            |     1 |     3 |    11 |     3 ||    18
       Potion            |       |       |       |     2 ||     2
 Stab: Sleeping          |     2 |       |       |       ||     2
  Eat: Chunk             |     3 |    11 |    14 |     5 ||    33
       Ration            |       |       |     1 |       ||     1
Armor: Animal skin       |    16 |       |       |       ||    16
       Ring mail         |       |    68 |    28 |       ||    96
       Chain mail        |       |       |    80 |    34 ||   114
Dodge: Dodged            |    55 |    72 |   129 |    53 ||   309
Block: Other             |       |       |    35 |     6 ||    41
       Reflection        |       |       |     2 |     1 ||     3
       Buckler           |       |       |       |    28 ||    28
